 Dungeon Crawl Stone Soup version 0.29-a0-414-g5075937ec3 (webtiles) character file.

Game seed: 17828574969890533765

83017 runemasterragnar the Frost Mage (level 15, -9/120 HPs)
             Began as a White Draconian Transmuter on May 15, 2022.
             Was an Initiate of Gozag.
             Killed from afar by a deep elf zephyrmancer (40 damage)
             ... with a bolt of lightning
             ... on level 1 of the Elven Halls.
             The game lasted 01:33:20 (35182 turns).

runemasterragnar the Frost Mage (DrTm)             Turns: 35182, Time: 01:33:20

Health: -9/120     AC: 11    Str: 13    XL:     15   Next: 31%
Magic:  3/26       EV: 23    Int: 24    God:    Gozag
Gold:   3128       SH:  5    Dex: 11    Spells: 5/29 levels left

rFire   + . .      SeeInvis +   t - +6 quarterstaff of Pecvikont {vorpal, rN+ Int+3 SInv Stlth+}
rCold   + + .      Faith    .   (shield currently unavailable)
rNeg    + . .      Spirit   .   (body armour unavailable)
rPois   +          Reflect  +   b - +1 hat "Omnaock" {Fly rPois Will+}
rElec   .          Harm     .   J - scarf {rC+ rF+}
rCorr   .          Rampage  .   (no gloves)
Will    +++..                   S - +0 pair of boots
Stlth   ++........              q - amulet of reflection
HPRegen 0.30/turn               n - ring of willpower
MPRegen 0.20/turn               e - ring of the Hare {EV+8}

@: flying
A: breathe frost, AC +9, unfitting armour, cold resistance 1, cold-blooded, see
invisible, frail 1, MP-powered wands
a: Breathe Frost, Renounce Religion, Potion Petition, Call Merchant, Bribe
Branch


You were on level 1 of the Elven Halls.
You worshipped Gozag.
Gozag was most pleased with you.
You visited 5 branches of the dungeon, and saw 25 of its levels.
You also visited: Sewer and Gauntlet.

You collected 6721 gold pieces.
You spent 527 gold pieces at shops.
You paid 3066 gold pieces to Gozag.

Inventory:

Hand Weapons
 t - the +6 quarterstaff of Pecvikont (weapon) {vorpal, rN+ Int+3 SInv Stlth+}
   (You found it on level 4 of the Dungeon)

   It inflicts extra damage upon your enemies.
   Int:       It affects your intelligence (+3).
   rN:        It protects you from negative energy.
   SInv:      It lets you see invisible.
   Stlth:     It makes you more stealthy.
Armour
 b - the +1 hat "Omnaock" (worn) {Fly rPois Will+}
   (You acquired it in a sewer)

   rPois:     It protects you from poison.
   Fly:       It grants you flight.
   Will:      It increases your willpower.
 J - a scarf of resistance (worn)
 S - a +0 pair of boots (worn)
Jewellery
 e - the ring of the Hare (right hand) {EV+8}
   (You took it off a gnoll on level 5 of the Dungeon)

   [ring of evasion]

   EV:        It affects your evasion (+8).
 m - a +4 ring of protection
 n - a ring of willpower (left hand)
 q - an amulet of reflection (around neck)
 N - a ring of magical power
Wands
 d - a wand of acid (3)
 p - a wand of mindburst (2)
 y - a wand of polymorph (15)
 F - a wand of paralysis (4)
 P - a wand of digging (12)
 Q - a wand of flame (14)
Scrolls
 f - 6 scrolls of fog
 h - a scroll of immolation
 i - a scroll of amnesia
 l - 3 scrolls of magic mapping
 r - 3 scrolls of fear
 u - a scroll of blinking
 A - 3 scrolls of teleportation
 I - 2 scrolls of poison
 K - 4 scrolls of identify
 M - 2 scrolls of summoning
Potions
 a - 5 potions of lignification
 c - 6 potions of curing
 g - a potion of berserk rage
 j - 2 potions of attraction
 k - a potion of flight
 o - 4 potions of heal wounds
 v - 2 potions of might
 x - 5 potions of haste
 z - 6 potions of brilliance
 L - a potion of resistance
 O - a potion of cancellation
 R - a potion of mutation
 T - a potion of magic


   Skills:
 - Level 12.3 Fighting
 - Level 9.5 Staves
 - Level 10.3 Dodging
 - Level 4.7 Unarmed Combat
 + Level 7.7 Spellcasting
 - Level 9.7 Conjurations
 * Level 8.0 Summonings
 - Level 5.8 Translocations
 - Level 5.5 Transmutations
 - Level 13.9 Ice Magic


You had 5 spell levels left.
You knew the following spells:

 Your Spells              Type           Power      Damage    Failure   Level
a - Beastly Appendage     Tmut           72%        N/A       1%          1
b - Wereblood             Tmut           36%        N/A       1%          2
c - Iskenderun's Battles  Conj           54%        2d10      3%          5
d - Ice Form              Ice/Tmut       54%        N/A       1%          4
e - Summon Ice Beast      Ice/Summ       58%        N/A       1%          4
f - Hailstorm             Conj/Ice       60%        3d13      1%          4
g - Iskenderun's Mystic   Conj/Tloc      46%        2d10      2%          4

Your spell library contained the following spells:

 Spells                   Type           Power      Damage    Failure   Level
 Apportation              Tloc           74%        N/A       1%          1
 Summon Small Mammal      Summ           100%       N/A       1%          1
 Gell's Gravitas          Tloc           37%        N/A       1%          3
 Lesser Beckoning         Tloc           37%        N/A       1%          3
 Teleport Other           Tloc           37%        N/A       1%          3
 Spider Form              Tmut/Pois      22%        N/A       6%          3
 Passage of Golubria      Tloc           37%        N/A       6%          4
 Animate Skeleton         Necr           18%        N/A       7%          1
 Pain                     Necr           36%        1d5       7%          1
 Irradiate                Conj/Tmut      23%        3d21      8%          5
 Fulminant Prism          Conj/Hex       16%        3d11      9%          4
 Sublimation of Blood     Necr           9%         N/A       10%         2
 Summon Forest            Summ/Tloc      21%        N/A       11%         5
 Blade Hands              Tmut           18%        N/A       19%         5
 Tukima's Dance           Hex            9%         N/A       21%         3
 Summon Mana Viper        Hex/Summ       28%        N/A       34%         5
 Yara's Violent Unravell  Hex/Tmut       11%        3d6       52%         5
 Agony                    Necr           9%         N/A       88%         5
 Excruciating Wounds      Necr           4%         N/A       88%         5
 Lee's Rapid Deconstruct  Erth           4%         3d6*      88%         5
 Simulacrum               Ice/Necr       21%        N/A       52%         6
 Iron Shot                Conj/Erth      16%        9d4       80%         6
 Spellforged Servitor     Conj/Summ      25%        N/A       82%         7
 Monstrous Menagerie      Summ           23%        N/A       91%         7
 Summon Hydra             Summ           23%        N/A       91%         7
 Eringya's Noxious Bog    Tmut/Pois      11%        N/A       97%         6
 Dragon Form              Tmut           18%        N/A       99%         7


Dungeon Overview and Level Annotations

Branches:
Dungeon (15/15)            Temple (0/1) D:6            Lair (6/6) D:9
  Swamp (0/4) Lair:2        Snake (1/4) Lair:2        Slime (0/5) Lair:6
    Orc (2/2) D:12            Elf (1/3) Orc:2        Vaults (0/5) D:13
  Sewer (visited)         Gauntlet (visited)
 Depths: D:15

Altars:
Gozag
Hepliaklqana
Makhleb
Nemelex Xobeh
Ru
Vehumet
Xom
Yredelemnul
Beogh
Jiyva

Shops:
D:1 (   D:9 :   Orc:1 =   Orc:2 *[=[**   Snake:1 *

Annotations:
D:11 1 runed translucent door, dracfodder's ghost, journeyman GrEE
D:14 Onwo's ghost, journeyman DDNe
Lair:6 3 runed translucent doors, Toseom's ghost, journeyman DjCj
Elf:1 Jorgrun


Innate Abilities, Weirdness & Mutations

You can breathe waves of freezing cold which knock back foes.
Your icy white scales are hard. (AC +9)
You cannot fit into any form of body armour.
Your flesh is cold resistant. (rC+)
You are cold-blooded and may be slowed by cold attacks.
You have supernaturally acute eyesight. (SInv)
You are frail. (-10% HP)
You expend magic power (3 MP) to strengthen your wands.


Message History

The +0 halberd of protection hits you from afar!!
There is a staircase back to the Mines, spattered with blood here.
Casting: Hailstorm (mildly dangerous; 1% risk of failure)
Confirm with . or Enter, or press ? or * to list all spells.
Casting: Hailstorm (mildly dangerous; 1% risk of failure)
Press: ? - help, Dir - look around, f - activate A cannonade of hail descends around you!
The hail pelts the +0 halberd of protection!
The +0 halberd of protection partially resists.
The +0 halberd of protection is heavily damaged.
The +0 halberd of protection hits you from afar!
You hear a grinding noise.
Casting: Hailstorm (mildly dangerous; 1% risk of failure)
Confirm with . or Enter, or press ? or * to list all spells.
Casting: Hailstorm (mildly dangerous; 1% risk of failure)
Press: ? - help, Dir - look around, f - activate A cannonade of hail descends around you!
The hail pelts the +0 halberd of protection.
The +0 halberd of protection partially resists.
The +0 halberd of protection is severely damaged.
The +0 halberd of protection hits you but does no damage.
The +0 halberd of protection barely misses you.
Unknown command.
Unknown command.
Casting: Hailstorm (mildly dangerous; 1% risk of failure)
Confirm with . or Enter, or press ? or * to list all spells.
Casting: Hailstorm (mildly dangerous; 1% risk of failure)
Press: ? - help, Dir - look around, f - activate A cannonade of hail descends around you!
The hail pelts the +0 halberd of protection.
The +0 halberd of protection partially resists.
The +0 halberd of protection is almost destroyed.
The +0 halberd of protection hits you from afar!!
* * * LOW HITPOINT WARNING * * *
The deep elf zephyrmancer casts a spell at you.
The bolt of lightning hits the +0 halberd of protection.
The +0 halberd of protection completely resists.
The bolt of lightning hits you!!!
You die...
Your body crumbles into a pile of gold.

#######
#.....#
#.@...#
#.....#
##.(.##
#.#.#
#.#.#
#.#e#
#.#.###
..#.).#
.##.#.##


You could see a deep elf zephyrmancer and a +0 halberd of protection
(wandering).

Vanquished Creatures
  Rupert (Lair:6)
  Aizul (Snake:1)
  A minotaur (Gauntlet)
  Josephine (Lair:4)
  4 hydras
  Fannar (D:11)
  2 boulder beetles
  4 two-headed ogres
  A thrashing horror (Lair:6)
  4 orc high priests
  A tengu warrior (D:14)
  A naga sharpshooter (Snake:1)
  Amaemon (D:10)
  A slime creature (D:14)
  A wizard (D:13)
  4 deep elf pyromancers
  7 orc knights
  An orc sorcerer (Orc:2)
  A cyclops (D:15)
  2 manticores
  3 ugly things
  A salamander (Snake:1)
  An ice statue (Gauntlet)
  3 elephants (Lair:6)
  8 black mambas
  A gargoyle (D:12)
  A black mamba (shapeshifter) (D:14)
  An orange demon (D:10)
  9 cane toads
  3 rime drakes
  A smoke demon (Lair:6)
  Maggie (D:8)
  2 kobold demonologists (D:11)
  An efreet (D:13)
  6 komodo dragons
  A tengu conjurer (D:14)
  An ancient zyme (Lair:6)
  6 trolls
  3 polar bears
  A tyrant leech (Lair:2)
  20 blink frogs
  7 small abominations (Lair:6)
  2 ynoxinuls (Lair:6)
  3 dream sheep (Lair:5)
  35 yaks
  6 wraiths
  A shadow (D:11)
  A wyvern (D:10)
  3 basilisks
  A fire elemental (Elf:1)
  A large abomination (Lair:6)
  A steam dragon (Lair:3)
  5 vampire mosquitoes
  A warg (Orc:2)
  2 chaos spawn (Lair:6)
  8 nagas
  2 swamp worms
  An acid dragon (D:13)
  11 water moccasins
  A black bear (shapeshifter) (Lair:6)
  19 orc warriors
  3 black bears
  An ice beast (D:6)
  2 sky beasts
  3 wolves (Gauntlet)
  3 centaurs
  3 phantoms
  A kobold brigand (D:5)
  10 bullfrogs
  2 scorpions
  2 gnoll sergeants
  12 wights
  3 killer bees (D:7)
  5 howler monkeys
  2 lava snakes (D:12)
  3 hounds (D:6)
  2 jellies
  A gnoll shaman (D:5)
  9 orc priests
  3 iguanas
  11 orc wizards
  4 hell rats (Lair:6)
  14 gnolls
  8 adders
  A shadow imp (D:8)
  A white imp (D:6)
  2 ufetubi
  3 worms
  2 dart slugs
  46 orcs
  11 ball pythons
  4 endoplasms
  9 giant cockroaches
  6 goblins
  3 hobgoblins
  14 kobolds
  2 quokkas
  10 bats
  5 frilled lizards
  5 rats
  A spectral orc (D:6)
457 creatures vanquished.

Vanquished Creatures (collateral kills)
  A hydra (Lair:6)
  A boulder beetle (D:13)
  A two-headed ogre (D:13)
  A naga warrior (Snake:1)
  A death yak (Gauntlet)
  A deep elf knight (Elf:1)
  An orc knight (Orc:1)
  An ugly thing (D:14)
  2 orc sorcerers (Orc:2)
  2 elephants (Lair:6)
  A black mamba (Lair:5)
  A naga mage (Snake:1)
  A torpor snail (Gauntlet)
  3 cane toads
  3 komodo dragons
  2 trolls
  2 dream sheep (Lair:5)
  6 blink frogs
  A wyvern (Lair:3)
  7 yaks
  A basilisk (Lair:5)
  A large abomination (Lair:6)
  2 nagas
  3 water moccasins
  2 orc warriors (Orc:2)
  2 wolves (Gauntlet)
  2 small abominations (Lair:6)
  2 bullfrogs
  An orc priest (Orc:2)
  3 hell rats (Lair:6)
  2 orc wizards (Orc:2)
  4 orcs
64 creatures vanquished.

Vanquished Creatures (others)
  A wizard (D:13)
  An orc priest (Orc:2)
  An orc wizard (Orc:2)
  3 bushes (Lair:6)
  37 fungi
  42 plants
85 creatures vanquished.

Grand Total: 606 creatures vanquished

Notes
Turn   | Place    | Note
-------+----------+-------------------------------------------
     0 | D:1      | runemasterragnar the Draconian Transmuter began the quest
                  | for the Orb.
     0 | D:1      | Reached XP level 1. HP: 16/16 MP: 3/3
   328 | D:1      | Reached XP level 2. HP: 9/23 MP: 3/5
   835 | D:1      | Found Kaihun's Antique Weapon Shoppe.
   980 | D:1      | Reached XP level 3. HP: 15/28 MP: 6/6
   983 | D:1      | Learned a level 2 spell: Wereblood
   987 | D:1      | Learned a level 3 spell: Spider Form
  1813 | D:2      | Found an opulent altar of Gozag.
  1829 | D:2      | Became a worshipper of Gozag Ym Sagoz the Greedy
  2059 | D:3      | Reached XP level 4. HP: 36/36 MP: 5/7
  2139 | D:3      | Noticed a phantom
  2150 | D:3      | Killed a phantom
  2151 | D:3      | Reached XP level 5. HP: 28/41 MP: 8/8
  2422 | D:3      | Found a shimmering altar of Xom.
  2521 | D:3      | Found a faded altar of an unknown god.
  2752 | D:3      | Found a sacrificial altar of Ru.
  2969 | D:4      | Found a hazy altar of Hepliaklqana.
  3127 | D:4      | Identified the +6 quarterstaff of Pecvikont {vorpal, rN+
                  | Int+3 SInv Stlth+}
  3471 | D:4      | You fall into a shaft and drop 3 floors!
  3569 | D:6      | Noticed a black bear
  3679 | D:6      | Noticed a centaur
  3687 | D:6      | Killed a centaur
  3688 | D:6      | Reached XP level 6. HP: 30/50 MP: 8/10
  3850 | D:6      | Noticed an ice beast
  3957 | D:6      | Identified the +4 chain mail of Qireelus {Slay+3}
  4023 | D:5      | Entered Level 5 of the Dungeon
  4061 | D:5      | Found a glowing drain.
  4096 | Sewer    | Entered a sewer
  4136 | Sewer    | Noticed a water moccasin
  4146 | Sewer    | Killed a water moccasin
  4217 | Sewer    | Identified a scroll of acquirement
  4217 | Sewer    | Acquired the +1 hat "Omnaock" {Fly rPois Will+}
  4345 | D:5      | Your scales start taking on an icy white colour.
  4345 | D:5      | Reached XP level 7. HP: 57/57 MP: 11/11
  4345 | D:5      | Gained mutation: Your flesh is cold resistant. (rC+) [White
                  | Draconian growth]
  4765 | D:4      | Identified the +0 robe "Bios" {rC++}
  4862 | D:5      | Reached skill level 5 in Transmutations
  5178 | D:5      | Found a sparkling altar of Nemelex Xobeh.
  5327 | D:6      | Found a staircase to the Ecumenical Temple.
  5434 | D:6      | Reached XP level 8. HP: 64/66 MP: 12/14
  5531 | D:6      | Found a basalt altar of Yredelemnul.
  5865 | D:7      | Reached skill level 5 in Fighting
  6389 | D:7      | Reached skill level 5 in Dodging
  6389 | D:7      | Reached skill level 5 in Spellcasting
  7050 | D:8      | Noticed Maggie
  7081 | D:8      | Reached skill level 1 in Staves
  7169 | D:8      | Reached XP level 9. HP: 72/75 MP: 16/16
  7349 | D:8      | Killed Maggie
  8070 | D:9      | Found a radiant altar of Vehumet.
  8115 | D:9      | Noticed a two-headed ogre
  8124 | D:9      | Reached XP level 10. HP: 76/88 MP: 17/17
  8128 | D:9      | Killed a two-headed ogre
  8129 | D:9      | Reached skill level 5 in Staves
  9086 | D:9      | Found a staircase to the Lair.
  9648 | D:10     | Entered Level 10 of the Dungeon
  9968 | D:10     | Noticed an orange demon
  9969 | D:10     | Noticed Amaemon
  9987 | D:10     | Killed Amaemon
 10007 | D:10     | Gained mutation: You tend to lose your temper in combat.
                  | [potion of mutation]
 10007 | D:10     | Gained mutation: You have a pair of small horns on your
                  | head. [potion of mutation]
 10008 | D:10     | Lost mutation: You tend to lose your temper in combat.
                  | [potion of mutation]
 10008 | D:10     | Lost mutation: You have a pair of small horns on your head.
                  | [potion of mutation]
 10008 | D:10     | Gained mutation: You have supernaturally acute eyesight.
                  | (SInv) [potion of mutation]
 10008 | D:10     | Gained mutation: You are frail. (-10% HP) [potion of
                  | mutation]
 10037 | D:10     | Killed an orange demon
 10038 | D:10     | Reached skill level 10 in Fighting
 10156 | D:10     | Reached XP level 11. HP: 89/89 MP: 18/18
 10442 | D:11     | Noticed Fannar
 10470 | D:11     | Killed Fannar
 10725 | D:11     | Found a runed translucent door.
 10732 | D:11     | Noticed dracfodder's ghost (journeyman GrEE)
 10884 | D:11     | Gained mutation: You expend magic power (3 MP) to
                  | strengthen your wands. [a neqoxec]
 11129 | D:11     | Noticed a five-headed hydra
 11298 | D:12     | Noticed a two-headed ogre
 11307 | D:12     | Killed a two-headed ogre
 11336 | D:12     | Noticed a cyan ugly thing
 11344 | D:12     | Killed a cyan ugly thing
 11675 | D:12     | Found a staircase to the Orcish Mines.
 11849 | D:12     | Noticed a two-headed ogre
 11862 | D:12     | Killed a two-headed ogre
 12494 | D:13     | Noticed a boulder beetle
 12579 | Orc:1    | Entered Level 1 of the Orcish Mines
 13026 | Orc:1    | Found a burning altar of Makhleb.
 13076 | Orc:1    | Noticed an orc high priest
 13158 | Orc:1    | Noticed a soul eater
 13169 | Orc:1    | Killed an orc high priest
 13170 | Orc:1    | Reached skill level 10 in Dodging
 13528 | Orc:2    | Entered Level 2 of the Orcish Mines
 13559 | Orc:2    | Noticed an orc knight
 13615 | Orc:1    | HP: 3/93 [troll (4)]
 14063 | Lair:1   | Entered Level 1 of the Lair of Beasts
 14413 | Lair:1   | Learned a level 4 spell: Ice Form
 14431 | Lair:1   | Reached XP level 12. HP: 67/100 MP: 19/19
 14433 | Lair:1   | Reached skill level 9 in Ice Magic
 14433 | Lair:1   | Reached XP level 13. HP: 71/105 MP: 20/20
 15051 | D:9      | Bought a book of Beasts for 456 gold pieces
 15056 | D:9      | Learned a level 4 spell: Summon Ice Beast
 15138 | D:11     | Reached skill level 1 in Summonings
 16500 | D:13     | Found a gate to the Vaults.
 16702 | D:14     | Found a burning altar of Makhleb.
 16985 | Lair:1   | Reached skill level 5 in Summonings
 17581 | Lair:2   | Found a staircase to the Swamp.
 17693 | Lair:2   | Found a gate leading to a gauntlet.
 17702 | Gauntlet | Entered a Gauntlet
 17702 | Gauntlet | Found a transporter.
 17905 | Gauntlet | Found a transporter.
 17907 | Gauntlet | Found a transporter.
 17918 | Gauntlet | Found a transporter.
 17921 | Gauntlet | Found a transporter.
 17930 | Gauntlet | Found a transporter.
 17951 | Gauntlet | Found a transporter.
 17962 | Gauntlet | Found a transporter.
 18033 | Gauntlet | Found a transporter.
 18049 | Gauntlet | Found a transporter.
 18051 | Gauntlet | Found a transporter.
 18159 | Gauntlet | Found a transporter.
 18228 | Gauntlet | Noticed a reaper
 18557 | Gauntlet | Found a transporter.
 18560 | Gauntlet | Identified the amulet "Zejexzee" {Faith Fly Int-5 Dex+3
                  | Stlth+}
 18611 | Gauntlet | Acquired a book of the Tundra
 18806 | Gauntlet | Identified the +0 long sword "Eviscerator" {speed, Contam
                  | rC+ rN+ Int+3}
 18806 | Gauntlet | Identified the ring of Desertification {Fly rC++ Will- MP+9
                  | Dex+6}
 18806 | Gauntlet | Noticed a minotaur
 18814 | Gauntlet | Learned a level 4 spell: Hailstorm
 18869 | Gauntlet | Killed a minotaur
 18870 | Gauntlet | Reached skill level 10 in Ice Magic
 18879 | Gauntlet | Identified the ring "Nyukkaf" {*Slow +Blink Will++ Dex+6
                  | Slay+5}
 18885 | Gauntlet | Identified the +2 scale mail "Ifroetry" {rElec Int+3}
 19325 | Lair:2   | Reached skill level 1 in Conjurations
 19427 | Lair:2   | Found a staircase to the Snake Pit.
 21639 | Lair:4   | Noticed Josephine
 21661 | Lair:4   | Killed Josephine
 21662 | Lair:4   | Reached skill level 11 in Ice Magic
 21677 | Lair:4   | Reached skill level 5 in Conjurations
 22615 | Lair:5   | Reached XP level 14. HP: 93/114 MP: 21/21
 23557 | Lair:6   | Entered Level 6 of the Lair of Beasts
 23827 | Lair:6   | Noticed Rupert
 23843 | Lair:6   | Killed Rupert
 24435 | Lair:6   | Reached skill level 12 in Ice Magic
 24765 | Lair:6   | Identified the -3 cloak of Cheibriados's Hatred {+Blink rF-
                  | rCorr Int+4 Stlth+}
 25442 | Lair:6   | Reached skill level 13 in Ice Magic
 25722 | Lair:6   | Found a staircase to the Slime Pits.
 25722 | Lair:6   | Found a viscous altar of Jiyva.
 26118 | Lair:6   | Found a runed translucent gate.
 26118 | Lair:6   | Found a runed translucent gate.
 26119 | Lair:6   | Found a runed translucent gate.
 26122 | Lair:6   | Noticed Toseom's ghost (journeyman DjCj)
 27793 | Orc:1    | Learned a level 4 spell: Iskenderun's Mystic Blast
 28044 | Orc:1    | Found Wootso's Jewellery Emporium.
 28294 | Orc:2    | Reached skill level 1 in Translocations
 28999 | Orc:2    | Found Joziuc's Specific Store.
 29003 | Orc:2    | Found Vantamer's General Store.
 29635 | Orc:2    | Found Geasueh's General Store.
 29635 | Orc:2    | Found Jaqek's Armour Emporium.
 29650 | Orc:2    | Found Dacacz Deklo's Armour Boutique.
 29650 | Orc:2    | Found Rizuj's Jewellery Emporium.
 29657 | Orc:2    | Bought a scroll of amnesia for 38 gold pieces
 29664 | Orc:2    | Learned a level 5 spell: Iskenderun's Battlesphere
 29674 | Orc:2    | Bought a potion of curing for 33 gold pieces
 29739 | Orc:2    | Found a staircase to the Elven Halls.
 30720 | D:14     | Reached XP level 15. HP: 39/120 MP: 6/25
 31499 | D:14     | Found a runed translucent gate.
 31499 | D:14     | Found a runed translucent gate.
 31499 | D:14     | Found a runed translucent gate.
 31502 | D:14     | Noticed Onwo's ghost (journeyman DDNe)
 31502 | D:14     | Identified the +2 chain mail of Higory {rN+ Will- Regen+}
 31506 | D:14     | Identified the +5 flail "Jusyaqu" {holy, rF+ Will- Str+4
                  | Int+2 SInv}
 31507 | D:14     | Identified the ring "Dicookhla" {Ice Will- rCorr Int+2
                  | Dex+2}
 32037 | Snake:1  | Entered Level 1 of the Snake Pit
 32426 | Snake:1  | Reached skill level 5 in Translocations
 32966 | Snake:1  | Noticed Aizul
 32994 | Snake:1  | Killed Aizul
 34421 | D:15     | Entered Level 15 of the Dungeon
 34910 | Elf:1    | Entered Level 1 of the Elven Halls
 35153 | Elf:1    | Found a radiant altar of Vehumet.
 35166 | Elf:1    | Noticed Jorgrun
 35182 | Elf:1    | Killed from afar by a deep elf zephyrmancer

Illustrated notes

Levels and vault maps discovered:
D:1:      nagdon_arrival_zigzag_paths, layout_basic, serial_shops,
          nicolae_shop_crystal
D:2:      layout_basic, basic_altar
D:3:      layout_basic, xom_butterflies, nicolae_ru_the_path_less_chosen,
          shapermc_ecumenical_altar_venn
D:4:      minmay_recursive_quarters, layout_basic, mainiacjoe_overflow_catwalk
D:5:      layout_rooms, general_overflow_altar, gup_sewer_entry_glass,
          chequers_mini_garden
D:6:      layout_loops_ring, yredelemnul_forgotten_temple_becter,
          minmay_temple_entry_glassed_door
D:7:      layout_basic
D:8:      layout_rooms, uniq_maggie
D:9:      layout_basic, nicolae_vehumet_altar_sigil,
          grunt_lair_entry_orc_guard_hut
D:10:     layout_rooms, uniq_amaemon
D:11:     layout_grid_maze, ebering_ghost_reflecting_pool, uniq_fannar
D:12:     layout_basic, orc_0_dummy, grunt_decor_junction
D:13:     layout_long_grid, david_vaults_1
D:14:     layout_loops_cross, bloody_makhleb, biasface_ghost_orc_armoury,
          minmay_misc_feat_four_crosses
D:15:     gammafunk_enter_depths_forms, layout_irregular_city
Lair:1:   layout_chaotic_city, small_statue_intersection
Lair:2:   layout_long_grid, minmay_swamp_entry_worms,
          minmay_snake_entry_guardpost_small, gauntlet_entry_generic,
          lemuel_fruit_tree
Lair:3:   hellmonk_destroyed_diamonds, layout_layer_cave
Lair:4:   layout_cave_pods, grunt_megastairs_5, lemuel_fruit_fields,
          uniq_josephine
Lair:5:   layout_roguey
Lair:6:   hellmonk_lair_end_abyssal_woods, layout_loops_ring, slime_altar_1,
          gammafunk_ghost_necromancy, serial_bayou_pond_e,
          chequers_serial_rivers_room_a, uniq_rupert
Snake:1:  layout_onion, uniq_aizul
Orc:1:    minmay_goldmine, layout_caves, basic_altar, serial_shops,
          nicolae_shop_trees
Orc:2:    grunt_orc_tribal_feast, layout_caves, basic_altar,
          nicolae_specific_store
Elf:1:    eino_elf_arrival_altar, layout_geoelf_octagon,
          kennysheep_underground_church, nicolae_elf_hall_of_bonks, uniq_jorgrun

Skill      XL: |  1  2  3  4  5  6  7  8  9 10 11 12 13 14 15 |
---------------+----------------------------------------------+-----
Dodging        | 2 3 4 5 7 8 10 | 10.3
Transmutations | 3 4 5 |  5.5
Fighting       | 2 3 4 6 8 10 11 12 | 12.3
Spellcasting   | 3 4 5 7 |  7.7
Unarmed Combat | 4 |  4.7
Staves         | 1 4 7 9 |  9.5
Ice Magic      | 9 11 13 | 13.9
Summonings     | 7 8 |  8.0
Conjurations   | 5 8 9 |  9.7
Translocations | 4 5 |  5.8

Action                   |  1- 3 |  4- 6 |  7- 9 | 10-12 | 13-15 || total
-------------------------+-------+-------+-------+-------+-------++-------
Melee: Unarmed           |   118 |    45 |     3 |       |    16 ||   182
       Tailslap          |    12 |    14 |    33 |    59 |   227 ||   345
       Kick              |    18 |    20 |    21 |    59 |     6 ||   124
       Headbutt          |     7 |    11 |    13 |    32 |     4 ||    67
       Punch             |     1 |       |       |       |       ||     1
       Quarterstaff      |       |    75 |   236 |   376 |  1092 ||  1779
 Cast: Beastly Appendage |    26 |    19 |    12 |    22 |     1 ||    80
       Spider Form       |     2 |       |     1 |       |       ||     3
       Wereblood         |       |     1 |     6 |    10 |    13 ||    30
       Summon Ice Beast  |       |       |       |       |   119 ||   119
       Hailstorm         |       |       |       |       |    67 ||    67
       Ice Form          |       |       |       |       |     2 ||     2
       Iskenderun's Myst |       |       |       |       |     9 ||     9
       Iskenderun's Batt |       |       |       |       |     2 ||     2
Invok: Potion Petition   |       |       |       |       |     3 ||     3
       Call Merchant     |       |       |       |       |     2 ||     2
 Abil: Breathe Frost     |       |       |     7 |    10 |    35 ||    52
Evoke: Wand              |       |       |       |     4 |    13 ||    17
  Use: Scroll            |       |     9 |     2 |     9 |    13 ||    33
       Potion            |       |       |       |    13 |     9 ||    22
 Stab: Sleeping          |     1 |     2 |     4 |     3 |     2 ||    12
       Distracted        |       |       |       |     2 |    12 ||    14
       Invisible         |       |       |       |       |     3 ||     3
Armor: Skin              |    43 |    45 |    37 |    85 |   157 ||   367
Dodge: Dodged            |    80 |    69 |   225 |   318 |   940 ||  1632
Block: Other             |       |    20 |    69 |    84 |   208 ||   381
       Reflection        |       |       |     1 |       |     2 ||     3

Table legend: (Time is in decaauts)
 A = Elapsed time spent in this place.
 B = Non-inter-level travel time spent in this place.
 C = Inter-level travel time spent in this place.
 D = Time resting spent in this place.
 E = Time spent auto-exploring this place.
 F = Levels seen in this place.
 G = Mean time per level.
                   A        B        C        D        E       F      G
               +--------+--------+--------+--------+--------+-----+--------+
         Total |  35081 |  33217 |   1864 |   3393 |  23794 |  27 | 1299.3 |
       Dungeon |  17355 |  16070 |   1285 |    354 |  12818 |  15 | 1157.0 |
          Lair |  11074 |  10711 |    363 |   1382 |   7774 |   6 | 1845.7 |
     Snake Pit |   1355 |   1272 |     83 |    540 |    552 |   1 | 1355.0 |
  Orcish Mines |   3663 |   3531 |    132 |    597 |   2064 |   2 | 1831.5 |
   Elven Halls |    270 |    270 |      0 |      0 |    222 |   1 |  270.0 |
         Sewer |    151 |    151 |      0 |      0 |     85 |   1 |  151.0 |
      Gauntlet |   1211 |   1211 |      0 |    520 |    279 |   1 | 1211.0 |
               +--------+--------+--------+--------+--------+-----+--------+

Top non-repeatable levels by time:
  Lair:6: 3614 daAuts
    D:14: 2306 daAuts
   Orc:1: 1833 daAuts
   Orc:2: 1829 daAuts
  Lair:1: 1779 daAuts
     D:9: 1745 daAuts
  Lair:4: 1550 daAuts
    D:12: 1426 daAuts
  Lair:3: 1399 daAuts
  Lair:2: 1380 daAuts
 Snake:1: 1355 daAuts
  Lair:5: 1349 daAuts
    D:13: 1321 daAuts
     D:7: 1294 daAuts
     D:1: 1276 daAuts
